 Dungeon Crawl Stone Soup version 0.20.1-1-g8b1a95d (webtiles) character file.

4883 empire the Carver (level 10, -4/81 (83) HPs)
             Began as a Minotaur Fighter on Aug 7, 2017.
             Was a Believer of Nemelex Xobeh.
             Slain by a two-headed ogre
             ... wielding a +0 giant club
              (22 damage)
             ... on level 8 of the Dungeon.
             The game lasted 00:13:05 (7305 turns).

empire the Carver (Minotaur Fighter)                Turns: 7305, Time: 00:13:06

HP:   -4/81 (83)    AC: 12    Str: 28    XL:     10   Next: 26%
MP:   0/13          EV: 10    Int:  5    God:    Nemelex Xobeh [**....]
Gold: 482           SH: 11    Dex: 11    Spells: 9/9 levels left

rFire    . . .     SeeInvis .   a - +1 long sword
rCold    . . .     Gourm    .   r - +0 shield {reflect}
rNeg     . . .     Faith    .   b - +0 scale mail
rPois    .         Spirit   +   (helmet restricted)
rElec    .         Reflect  +   (no cloak)
rCorr    .         Harm     .   m - +0 pair of gloves
MR       .....                  (no boots)
Stlth    ..........             q - amulet of guardian spirit
Regen    0.3/turn               F - +4 ring of protection
MPRegen  0.2/turn               (no ring)

@: mighty, invisible
A: retaliatory headbutt, horns 2
a: Renounce Religion


You were on level 8 of the Dungeon.
You worshipped Nemelex Xobeh.
Nemelex Xobeh was pleased with you.
You were not hungry.

You visited 2 branches of the dungeon, and saw 9 of its levels.

You collected 482 gold pieces.

Inventory:

Hand Weapons
 a - a +1 long sword (weapon)
Armour
 b - a +0 scale mail (worn)
 m - a +0 pair of gloves (worn)
 r - a +0 shield of reflection (worn)
 t - a +2 shield
Magical Staves
 i - an uncursed staff of conjuration {unknown}
Jewellery
 q - an amulet of guardian spirit (around neck)
 F - a +4 ring of protection (left hand)
Wands
 s - a wand of iceblast (9/15)
 A - a wand of iceblast (4/15)
 D - a wand of scattershot (6/9)
Scrolls
 c - a scroll of amnesia
 e - a scroll of noise
 p - a scroll of teleportation
 u - a scroll of fear
 y - a scroll of brand weapon {unknown}
 C - 4 scrolls of remove curse
 E - a scroll of summoning {unknown}
 G - a scroll of immolation {unknown}
 H - a scroll of blinking {unknown}
 J - a scroll of magic mapping
Potions
 d - a potion of might
 k - a potion of brilliance
 o - a potion of magic
 w - a potion of curing
 x - 2 potions of lignification
 z - a potion of cancellation
 B - a potion of haste {unknown}
Miscellaneous
 n - an ornate deck of summoning
 v - a plain deck of destruction
Comestibles
 f - 9 bread rations
 g - 4 meat rations
 h - 4 fruits
 l - 6 royal jellies
 I - 9 chunks of flesh


   Skills:
 - Level 6.2 Fighting
 + Level 10.0 Long Blades
 - Level 6.2 Armour
 - Level 4.7 Dodging
 - Level 6.4 Shields
 + Level 6.6 Invocations
 + Level 5.8 Evocations


You had 9 spell levels left.
You didn't know any spells.

Dungeon Overview and Level Annotations

Branches:
Dungeon (8/15)             Temple (1/1) D:5
   Lair: D:8-11

Altars:
Ashenzari
Cheibriados
Dithmenos
Elyvilon
Fedhas
Gozag
Hepliaklqana
Kikubaaqudgha
Makhleb
Nemelex Xobeh
Okawaru
Qazlal
Ru
Sif Muna
Trog
Uskayaw
Vehumet
Xom
Yredelemnul
The Shining One

Annotations:
D:8 1 runed door


Innate Abilities, Weirdness & Mutations

You reflexively headbutt those who attack you in melee.
You have a pair of horns on your head.


Message History

You slash the centaur!
You kill the centaur!
Your Long Blades skill increases to level 10!
You block the two-headed ogre's attack.
The two-headed ogre hits you but does no damage.
There is an open door here.
Items here: ! ( )) ? † You slice the two-headed ogre!!
You headbutt the two-headed ogre!
The two-headed ogre is severely wounded.
The two-headed ogre hits you with a giant club!
* * * LOW HITPOINT WARNING * * *
The two-headed ogre hits you with a giant spiked club!
* * * LOW HITPOINT WARNING * * *
You slash the two-headed ogre!
The two-headed ogre is severely wounded.
Unknown command.
You fade into invisibility!
The two-headed ogre hits you with a giant club!!
You die...
Your body glows slightly and disappears.

............###.##...#
...########## +#######
..## #...## ...# .....##
...# ......#
...###......##. ......#
...##.......#.. z.....#
...##.........###OO...#
..###.......###.@# ..##
#.....##....# ### ...#
#c.l##8.(..#...# ...#
#####......'..(# ...##
#...(......##### ))..#
#.[.#....8##...##
....#######....##.....##
.....##...#')###.......#
.#.>##....)###.........#


You could see a two-headed ogre, an ogre and a wight.

Vanquished Creatures
  The ghost of onerunaday the Cleaver, a novice MiBe of Trog (D:7)
  A hippogriff (D:8)
  2 wyverns (D:8)
  The ghost of empire the Shield-Bearer, an amateur MiFi (D:4)
  6 yaks
  3 hogs (D:7)
  A human (D:7)
  Edmund (D:5)
  2 ice beasts (D:8)
  A phantom (D:5)
  A necrophage (D:8)
  3 centaurs
  2 big kobolds
  2 bullfrogs (D:8)
  A gnoll sergeant (D:8)
  5 crimson imps
  A centaur zombie (D:6)
  A bullfrog zombie (D:7)
  3 centaur skeletons
  2 bullfrog skeletons (D:6)
  2 hounds
  A jelly (D:8)
  5 orc priests
  5 orc wizards
  2 iguanas
  7 worker ants
  A killer bee zombie (D:6)
  Robin (D:2)
  14 gnolls
  8 adders
  6 worms
  4 dart slugs
  5 leopard geckos
  10 orcs
  5 giant cockroaches
  11 goblins
  15 hobgoblins
  6 jackals
  2 quokkas
  2 ball pythons
  12 bats
  7 frilled lizards
  A jackal skeleton (D:8)
  6 kobolds
  A quokka skeleton (D:6)
  A quokka zombie (D:6)
  8 rats
188 creatures vanquished.

Vanquished Creatures (others)
  A centaur (D:7)
1 creature vanquished.

Grand Total: 189 creatures vanquished

Notes
Turn   | Place    | Note
-------+----------+-------------------------------------------
     0 | D:1      | empire the Minotaur Fighter began the quest for the Orb.
     0 | D:1      | Reached XP level 1. HP: 19/19 MP: 0/0
    83 | D:1      | Reached XP level 2. HP: 16/27 MP: 1/1
   220 | D:1      | Reached skill level 1 in Dodging
   249 | D:1      | Reached XP level 3. HP: 22/33 MP: 2/2
   617 | D:2      | Reached skill level 3 in Long Blades
   644 | D:2      | Reached XP level 4. HP: 21/40 MP: 3/3
   981 | D:2      | Noticed Robin
   997 | D:2      | Killed Robin
  1151 | D:2      | Found a snail-covered altar of Cheibriados.
  1243 | D:2      | Reached XP level 5. HP: 45/46 MP: 4/4
  1735 | D:3      | Found a sacrificial altar of Ru.
  1915 | D:3      | Found a deep blue altar of Sif Muna.
  1954 | D:3      | Found a basalt altar of Yredelemnul.
  1979 | D:3      | Found a stormy altar of Qazlal.
  2160 | D:3      | Reached skill level 4 in Long Blades
  2168 | D:3      | Reached skill level 5 in Shields
  2172 | D:3      | Reached XP level 6. HP: 37/53 MP: 5/5
  2550 | D:4      | Reached skill level 5 in Armour
  2727 | D:4      | Noticed empire's ghost (amateur MiFi)
  2745 | D:4      | Killed empire's ghost
  2745 | D:4      | Reached skill level 5 in Fighting
  2964 | D:4      | Reached XP level 7. HP: 53/61 MP: 4/6
  3368 | D:5      | Entered Level 5 of the Dungeon
  3385 | D:5      | Found a staircase to the Ecumenical Temple.
  3400 | Temple   | Entered the Ecumenical Temple
  3779 | D:5      | Reached skill level 5 in Long Blades
  3827 | D:5      | Found a sparkling altar of Nemelex Xobeh.
  3828 | D:5      | Noticed Edmund
  3846 | D:5      | Killed Edmund
  3865 | D:5      | Became a worshipper of Nemelex Xobeh the Trickster
  3903 | D:5      | Received a gift from Nemelex Xobeh
  4323 | D:6      | Reached XP level 8. HP: 53/70 MP: 7/7
  4497 | D:6      | Reached * piety under Nemelex Xobeh
  4780 | D:6      | Found an ancient bone altar of Kikubaaqudgha.
  5025 | D:7      | Reached skill level 6 in Long Blades
  5200 | D:7      | Reached skill level 1 in Invocations
  5247 | D:7      | Reached skill level 1 in Evocations
  5299 | D:7      | Reached skill level 7 in Long Blades
  5310 | D:7      | Reached XP level 9. HP: 19/75 MP: 3/10
  5610 | D:7      | Noticed onerunaday's ghost (novice MiBe)
  5633 | D:7      | Killed onerunaday's ghost
  5633 | D:7      | Reached skill level 8 in Long Blades
  5894 | D:7      | Received a gift from Nemelex Xobeh
  6176 | D:7      | Found a shadowy altar of Dithmenos.
  6307 | D:8      | Found a runed door.
  6465 | D:8      | Reached ** piety under Nemelex Xobeh
  6517 | D:8      | Reached skill level 5 in Invocations
  6581 | D:8      | Reached skill level 9 in Long Blades
  6595 | D:8      | Reached skill level 5 in Evocations
  6844 | D:8      | Found a hazy altar of Hepliaklqana.
  6857 | D:8      | Reached XP level 10. HP: 68/83 MP: 10/13
  7004 | D:8      | Found a runed door.
  7298 | D:8      | Noticed a two-headed ogre
  7301 | D:8      | Reached skill level 10 in Long Blades
  7305 | D:8      | Slain by a two-headed ogre

Skill      XL: |  1  2  3  4  5  6  7  8  9 10 |
---------------+-------------------------------+-----
Shields        | 4 5 6 |  6.4
Dodging        | 1 2 3 4 |  4.7
Armour         | 4 5 6 |  6.2
Fighting       | 4 5 6 |  6.2
Long Blades    | 3 4 5 7 9 10 | 10.0
Invocations    | 3 5 6 |  6.6
Evocations     | 3 5 |  5.8

Action                   |  1- 3 |  4- 6 |  7- 9 | 10-12 || total
-------------------------+-------+-------+-------+-------++-------
Melee: Long sword        |    72 |   191 |   257 |    80 ||   600
       Headbutt          |    12 |    38 |    63 |     9 ||   122
Evoke: Wand              |       |       |     4 |       ||     4
  Use: Scroll            |       |     8 |     6 |     2 ||    16
       Potion            |       |       |       |     2 ||     2
 Stab: Paralysed         |       |     1 |       |       ||     1
  Eat: Chunk             |       |     6 |    14 |     1 ||    21
Armor: Scale mail        |    28 |    60 |    48 |    26 ||   162
Dodge: Dodged            |    32 |    57 |    98 |    24 ||   211
Block: Shield            |    55 |   117 |   135 |    40 ||   347
       Reflection        |       |       |     6 |     1 ||     7
       Rpst.: Long sword |     9 |    12 |    30 |     6 ||    57
